 Dungeon Crawl Stone Soup version 0.30-a0-313-gae38170b09 (webtiles) character file.

Game seed: 14360475330341304953

1219 lunkers the Geomancer (level 9, -2/62 HPs)
             Began as a Meteoran Earth Elementalist on Oct 26, 2022.
             Slain by a yak (14 damage)
             ... on level 5 of the Dungeon.
             The game lasted 00:04:08 (1593 turns).

lunkers the Geomancer (Meteoran Earth Elementalist) Turns: 1593, Time: 00:04:08

Health: -2/62      AC:  6    Str:  9    XL:     9   Next: 4%
Magic:  2/19       EV: 12    Int: 22    God:
Gold:   175        SH:  0    Dex: 15    Spells: 10/20 levels left

rFire   + . .      SeeInvis .    v - +3 whip of the Writhing Stoat {vorpal, +Blink}
rCold   . . .      Faith    .    (no shield)
rNeg    . . .      Spirit   .    z - +1 leather armour {rF+}
rPois   .          Reflect  .    m - +0 helmet
rElec   .          Harm     .    j - +0 cloak
rCorr   .          Rampage  .    (no gloves)
Will    +....                    (no boots)
Stlth   +.........               p - amulet of magic regeneration
HPRegen 0.30/turn                (no ring)
MPRegen 0.56/turn                (no ring)

@: glowing
A: sense surroundings 2, otherworldly, glowing, explore regen
a: Evoke Blink


You were on level 5 of the Dungeon.
You visited 1 branch of the dungeon, and saw 5 of its levels.

You collected 175 gold pieces.

Inventory:

Hand Weapons
 v - the +3 whip of the Writhing Stoat (weapon) {vorpal, +Blink}
   (You found it on level 3 of the Dungeon)

   It inflicts extra damage upon your enemies.
   +Blink:    It lets you blink.
 w - a +1 dagger of draining
Armour
 a - a +0 robe
 j - a +0 cloak (worn)
 m - a +0 helmet (worn)
 z - a +1 leather armour of fire resistance (worn)
Jewellery
 p - an amulet of magic regeneration (around neck)
 x - a ring of ice
Wands
 s - a wand of flame (28)
 A - a wand of mindburst (18)
Scrolls
 c - a scroll of enchant weapon {unknown}
 d - 2 scrolls of vulnerability {unknown}
 e - 4 scrolls of identify {unknown}
 f - 4 scrolls of teleportation {unknown}
 i - a scroll of noise {unknown}
 k - 2 scrolls of immolation {unknown}
 l - 2 scrolls of fear {unknown}
 q - a scroll of magic mapping {unknown}
 y - 2 scrolls of blinking {unknown}
Potions
 b - a potion of magic
 g - 2 potions of heal wounds {unknown}
 h - a potion of curing {unknown}
 n - a potion of might {unknown}
 o - 3 potions of mutation {unknown}
 r - 2 potions of resistance {unknown}
 t - 2 potions of ambrosia {unknown}
 u - a potion of cancellation {unknown}


   Skills:
 - Level 2.4 Dodging
 - Level 1.4 Stealth
 + Level 6.4 Spellcasting
 * Level 6.9 Conjurations
 - Level 1.2 Transmutations
 * Level 8.3 Earth Magic


You had 10 spell levels left.
You knew the following spells:

 Your Spells              Type           Power      Damage    Failure   Level
a - Sandblast             Erth           86%        2d18      1%          1
b - Passwall              Tmut/Erth      23%        N/A       2%          2
c - Stone Arrow           Conj/Erth      80%        3d12      1%          3
d - Petrify               Tmut/Erth      28%        N/A       17%         4

Your spell library contained the following spells:

 Spells                   Type           Power      Damage    Failure   Level
 Ozocubu's Armour         Ice            7%         N/A       36%         3
 Metabolic Englaciation   Hex/Ice        3%         N/A       98%         5
 Simulacrum               Ice/Necr       3%         N/A       100%        6


Dungeon Overview and Level Annotations

Branches:
Dungeon (5/15) Zot: 1337
 Temple: D:4-7

Altars:

Shops:
D:2 *


Innate Abilities, Weirdness & Mutations

You passively map the area around you.
You are easily found by Zot.
You glow in the dark.
You regain HP and MP as you explore.


Message History

You kill the yak!
* * * LOW MAGIC WARNING * * *
The yak gores you!
* * * LOW HITPOINT WARNING * * *
You have reached level 9!
Your experience leads to an increase in your attributes!
Increase (S)trength, (I)ntelligence, or (D)exterity?
You feel clever. x3
Your attunement to dungeon structure grows.
Aiming: Sandblast (safe; 1% risk of failure)
Press: ? - help, Q - select action, (/) - cycle Shift-Dir - straight line, f - yak
Aim: a yak (91% to hit)
The blast of sand hits the yak but does no damage.
* * * LOW MAGIC WARNING * * *
The yak gores you!
* * * LOW HITPOINT WARNING * * *
The orc barely misses you.
Aiming: Sandblast (safe; 1% risk of failure)
Press: ? - help, Q - select action, (/) - cycle Shift-Dir - straight line, f/p - yak
Aim: a yak (91% to hit)
The blast of sand hits the yak!
The yak is heavily wounded.
* * * LOW MAGIC WARNING * * *
The orc hits you but does no damage. The yak gores you!
* * * LOW HITPOINT WARNING * * *
The orc hits you from afar with a +0 trident!
* * * LOW HITPOINT WARNING * * *
The yak gores you.
* * * LOW HITPOINT WARNING * * *
Unknown command.
Okay, then.
Aiming: Sandblast (safe; 1% risk of failure)
Press: ? - help, Q - select action, (/) - cycle Shift-Dir - straight line, f/p - yak
Aim: a yak (heavily wounded, 91% to hit)
The blast of sand hits the yak but does no damage.
The yak is heavily wounded.
* * * LOW MAGIC WARNING * * *
An orc comes into view. It is wielding a +0 club.
The orc misses you. The yak gores you!
You die...

#..........#.............. ...
#8.8......###o...........#####...
#...##....##.........8...8.8.....
#8.8##..#####....................
#...#....# #........8.8.8.8.....
#8.8###..# ##........#.......#..
#.†.# #... ##oo.#......).....#.
#..8#, , ##Y###......).).)..
#..... , * ##.@###.......#..))<
#.......,..#.#...##........#...†.
##...............#........##....#
##.#....###....(.............###
*##..### ##..##.............#
*#.# #..........#>###.##* *
##........####*... * #...#.....#
#.. #...#...#..#, ,,


You could see a yak and 3 orcs.

Vanquished Creatures
  Grinder (D:4)
  3 yaks (D:5)
  Eustachio (D:5)
  2 scorpions (D:5)
  A jelly (D:4)
  Terence (D:3)
  3 iguanas
  2 orc wizards (D:5)
  Ijyb (D:3)
  Robin (D:4)
  3 adders
  A worm (D:2)
  4 orcs (D:5)
  6 endoplasms
  6 giant cockroaches
  17 goblins
  8 hobgoblins
  5 jackals
  7 kobolds
  A quokka (D:2)
  6 ball pythons
  4 bats
  2 frilled lizards
  6 rats
92 creatures vanquished.

Notes
Turn   | Place    | Note
-------+----------+-------------------------------------------
     0 | D:1      | lunkers the Meteoran Earth Elementalist began the quest for
                  | the Orb.
     0 | D:1      | Reached XP level 1. HP: 14/14 MP: 5/5
    89 | D:1      | Reached XP level 2. HP: 6/20 MP: 0/7
   120 | D:1      | Reached skill level 4 in Earth Magic
   300 | D:1      | Reached XP level 3. HP: 26/26 MP: 6/8
   322 | D:2      | Learned a level 2 spell: Passwall
   326 | D:2      | Learned a level 3 spell: Stone Arrow
   444 | D:2      | Found Soffen's General Store.
   660 | D:3      | Noticed Terence
   665 | D:3      | Killed Terence
   666 | D:3      | Reached skill level 1 in Conjurations
   666 | D:3      | Reached XP level 4. HP: 26/33 MP: 6/11
   787 | D:3      | Noticed Ijyb
   795 | D:3      | Killed Ijyb
   796 | D:3      | Reached XP level 5. HP: 3/38 MP: 8/12
   829 | D:3      | Identified the +3 whip of the Writhing Stoat {vorpal,
                  | +Blink}
   953 | D:3      | Reached skill level 5 in Earth Magic
  1027 | D:4      | Noticed Robin
  1108 | D:4      | Killed Robin
  1171 | D:4      | Reached XP level 6. HP: 45/45 MP: 11/13
  1216 | D:4      | Noticed Grinder
  1222 | D:4      | Killed Grinder
  1223 | D:4      | Reached skill level 5 in Spellcasting
  1223 | D:4      | Reached skill level 6 in Earth Magic
  1223 | D:4      | Reached XP level 7. HP: 33/50 MP: 2/15
  1424 | D:5      | Entered Level 5 of the Dungeon
  1431 | D:5      | Noticed Eustachio
  1436 | D:5      | Killed Eustachio
  1437 | D:5      | Reached skill level 5 in Conjurations
  1437 | D:5      | Reached XP level 8. HP: 57/57 MP: 6/17
  1449 | D:5      | Reached skill level 7 in Earth Magic
  1485 | D:5      | Learned a level 4 spell: Petrify
  1554 | D:5      | Noticed a yak
  1554 | D:5      | Noticed a yak
  1555 | D:5      | Noticed a yak
  1557 | D:5      | Noticed a yak
  1577 | D:5      | Killed a yak
  1584 | D:5      | Killed a yak
  1585 | D:5      | Reached skill level 8 in Earth Magic
  1590 | D:5      | Killed a yak
  1591 | D:5      | Gained mutation: You passively map the area around you.
                  | [Meteoran growth]
  1591 | D:5      | Reached XP level 9. HP: 33/62 MP: 2/19
  1593 | D:5      | Slain by a yak

Illustrated notes

Levels and vault maps discovered:
D:1:      matt_arrival_diagonals, layout_loops_ring,
          shapermc_ecumenical_altar_mp_vishouse, minmay_vboxes
D:2:      layout_basic, serial_shops, nicolae_square_shop, minmay_tetromino_s2
D:3:      layout_basic, uniq_natasha, uniq_ijyb, uniq_terence
D:4:      layout_cave_pools, yredelemnul_forgotten_temple_becter, uniq_robin,
          uniq_grinder
D:5:      layout_cave_pools, pdpol_wu_jian_five_deadly_venoms,
          cheibrodos_sewer_entry_bend, serial_column_ruins,
          column_ruins_open_tiny, column_ruins_corridor_straight,
          column_ruins_corridor_straight, column_ruins_open_tiny,
          column_ruins_grid_4, uniq_eustachio, uniq_crazy_yiuf_cottage

Skill      XL: |  1  2  3  4  5  6  7  8 |
---------------+-------------------------+-----
Spellcasting   | 3 4 5 6 |  6.4
Earth Magic    | 4 5 6 8 |  8.3
Conjurations   | 1 2 4 5 6 |  6.9
Dodging        | |  2.4
Stealth        | |  1.4
Transmutations | |  1.2

Action                   |  1- 3 |  4- 6 |  7- 9 || total
-------------------------+-------+-------+-------++-------
Melee: Unarmed           |    17 |       |       ||    17
       Punch             |     2 |       |       ||     2
 Cast: Sandblast         |    43 |    48 |    42 ||   133
       Stone Arrow       |       |     4 |    12 ||    16
Armor: Robe              |     8 |    14 |     6 ||    28
       Leather armour    |       |       |     5 ||     5
Dodge: Dodged            |    24 |    15 |    11 ||    50

Table legend: (Time is in decaauts)
 A = Elapsed time spent in this place.
 B = Non-inter-level travel time spent in this place.
 C = Inter-level travel time spent in this place.
 D = Time resting spent in this place.
 E = Time spent auto-exploring this place.
 F = Levels seen in this place.
 G = Mean time per level.
                   A        B        C        D        E       F      G
               +--------+--------+--------+--------+--------+-----+--------+
         Total |   1660 |   1451 |    209 |      0 |    917 |   5 |  332.0 |
       Dungeon |   1660 |   1451 |    209 |      0 |    917 |   5 |  332.0 |
               +--------+--------+--------+--------+--------+-----+--------+

Top non-repeatable levels by time:
     D:3: 471 daAuts
     D:2: 406 daAuts
     D:1: 326 daAuts
     D:4: 277 daAuts
     D:5: 178 daAuts
